 Seeded DCSS version 0.27-a0-988-g25969acef8 (webtiles) character file.

Game seed: 12246631163096203030 (custom seed)

1 flotson the Ducker (level 1, 0/16 HPs)
             Began as a Demonspawn Gladiator on Apr 16, 2021.
             Slain by a goblin
             ... wielding a +1 dagger of electrocution
              (8 damage)
             ... on level 1 of the Dungeon.
             The game lasted 00:00:33 (93 turns).

flotson the Ducker (Demonspawn Gladiator)             Turns: 93, Time: 00:00:34

Health: 0/16       AC:  4    Str: 14    XL:     1   Next: 16%
Magic:  1/1        EV: 12    Int:  9    God:
Gold:   0          SH:  0    Dex: 14    Spells: 0/0 levels left

rFire    . . .     SeeInvis .   a - +0 war axe
rCold    . . .     Faith    .   (no shield)
rNeg     . . .     Spirit   .   b - +0 leather armour
rPois    .         Reflect  .   c - +0 helmet
rElec    .         Harm     .   (no cloak)
rCorr    .         Rampage  .   (no gloves)
Will     .....                  (no boots)
Stlth    +.........             (no amulet)
HPRegen  0.05/turn              (no ring)
MPRegen  0.07/turn              (no ring)

@: no status effects
A: no striking features
a: no special abilities


You were on level 1 of the Dungeon.
You visited 1 branch of the dungeon, and saw 1 of its levels.

Inventory:

Hand Weapons
 a - a +0 war axe (weapon)
Missiles
 d - 3 throwing nets (quivered)
Armour
 b - a +0 leather armour (worn)
 c - a +0 helmet (worn)


   Skills:
 + Level 2.0 Fighting
 * Level 2.7 Axes
 + Level 1.7 Throwing
 + Level 0.0 Armour
 + Level 2.7 Dodging


You couldn't memorise any spells.
You didn't know any spells.
Your spell library was empty.

Dungeon Overview and Level Annotations

Branches:
Dungeon (1/15)

Altars:


Message History

No target in view!
HP restored.
A jackal comes into view.
The jackal barks!
Found a scroll labelled XINODY GINU.
You barely miss the jackal. The jackal bites you. x2
You closely miss the jackal. The jackal bites you.
A goblin comes into view.
It is wielding a +1 dagger of electrocution.
The jackal closely misses you.
The goblin shouts!
You hit the jackal but do no damage.
The jackal bites you but does no damage.
A quokka comes into view.
The jackal bites you.
You barely miss the jackal. The jackal closely misses you.
The quokka twitches its whiskers.
The jackal bites you.
You hit the jackal.
The jackal is heavily wounded.
The jackal misses you.
A jackal comes into view.
The jackal bites you but does no damage.
You closely miss the jackal.
The jackal is heavily wounded.
The jackal bites you but does no damage.
The jackal barely misses you.
You closely miss the jackal.
The jackal is heavily wounded.
The jackal bites you.
The jackal bites you but does no damage.
You are too injured to fight recklessly!
You are too injured to fight recklessly!
You are too injured to fight recklessly!
You are too injured to fight recklessly!
You slash the jackal!
You kill the jackal!
A jackal comes into view.
A hobgoblin comes into view.
The goblin hits you but does no damage.
You are electrocuted!
Ouch! That really hurt!
You die...

♣#####.........###
##.......##
##8...8## ##'''##
#...# ##.### #..#
#.## #@# #g#
#.hr....♣
#...>...♣
#........♣
...........
......######
#.###gh. ?. ....


You could see a quokka, 2 jackals, a hobgoblin (wandering) and a goblin.

Vanquished Creatures
  A jackal (D:1)
  A quokka (D:1)
2 creatures vanquished.

Notes
Turn   | Place    | Note
-------+----------+-------------------------------------------
     0 | D:1      | flotson the Demonspawn Gladiator began the quest for the
                  | Orb.
     0 | D:1      | Reached XP level 1. HP: 16/16 MP: 1/1
    93 | D:1      | Slain by a goblin

Illustrated notes

Levels and vault maps discovered:
D:1:      kennysheep_arrival_forest, layout_rooms, serial_shops, shop,
          minmay_misc_feat_diagonals, minivault_23, nrook_campfire

Action                   || total
-------------------------++-------
Melee: War axe           ||    13
Armor: Leather armour    ||     5
Dodge: Dodged            ||     9

Table legend: (Time is in decaauts)
 A = Elapsed time spent in this place.
 B = Non-inter-level travel time spent in this place.
 C = Inter-level travel time spent in this place.
 D = Time resting spent in this place.
 E = Time spent auto-exploring this place.
 F = Levels seen in this place.
 G = Mean time per level.
                   A        B        C        D        E       F      G
               +--------+--------+--------+--------+--------+-----+--------+
         Total |     97 |     97 |      0 |      0 |     71 |   1 |   97.0 |
       Dungeon |     97 |     97 |      0 |      0 |     71 |   1 |   97.0 |
               +--------+--------+--------+--------+--------+-----+--------+

Top non-repeatable levels by time:
     D:1: 97 daAuts
